General information
- name: grudge12
- type: Ladder 1vs1/FFA
- host: BEAR_AND
- saver: BEAR_AND
map: SantasStand
- players: 4
- length: 23:55
- speed: Fast
- version: 1.21 W3XP
- replay type:

» download(97 KB)
Players
team 1 (winner)
WWGT]ShakaZahn (
light-blue | 156 APM | 3724 actions | 23:55)
5 Demon Hunter
3 Mana Burn
2 Evasion
5 Keeper of the Grove
3 Entangling Roots
2 Thorns Aura
» actions
| Assign group hotkey | 27 | |
| Basic commands | 116 | |
| Build / train | 79 | |
| ESC pressed | 6 | |
| Enter build submenu | 23 | |
| Enter hero's abilities submenu | 10 | |
| Give item / drop item | 3 | |
| Right click | 1726 | |
| Select / deselect | 405 | |
| Select group hotkey | 1167 | |
| Use ability | 162 | |
3724 total
» units
| Wisp | 25 | |
| Archer | 5 | |
| Druid of the Claw | 6 | |
| Dryad | 8 | |
44 total
» upgrades
| Druid of the Claw Training | 2 | |
| Abolish Magic | 1 | |
| Well Spring | 1 | |
| Strength of the Wild | 2 | |
| Reinforced Hides | 1 | |
| Mark of the Claw | 1 | |
8 total
» buildings
| Altar of Elders | 1 | |
| Moon Well | 7 | |
| Ancient of War | 5 | |
| Tree of Ages | 1 | |
| Hunter's Hall | 1 | |
| Ancient of Lore | 2 | |
| Tree of Eternity | 1 | |
| Ancient of Wonders | 1 | |
| Tree of Life | 3 | |
| Ancient of Wind | 2 | |
24 total
» build order
00:03 Altar of Elders
00:19 Moon Well
01:04 Ancient of War
01:42 Moon Well
02:08 Ancient of War
02:26 Ancient of War
02:38 Ancient of War
02:42 Ancient of War
03:24 Tree of Ages
03:34 Moon Well
04:34 Hunter's Hall
05:04 Moon Well
05:49 Ancient of Lore
06:44 Moon Well
08:39 Ancient of Lore
09:21 Tree of Eternity
10:29 Ancient of Wonders
10:38 Moon Well
11:07 Tree of Life
13:21 Tree of Life
13:25 Moon Well
19:12 Tree of Life
21:07 Ancient of Wind
21:22 Ancient of Wind
» items
| Scroll of Healing | 1 | |
| Staff of Preservation | 1 | |
| Orb of Venom | 1 | |
| Scroll of Town Portal | 3 | |
| Potion of Healing | 2 | |
8 total
team 2 (loser)

»
WWGT]Dagda (
red | 124 APM | 2963 actions | 23:54)
6 Demon Hunter
3 Mana Burn
2 Evasion
1 Metamorphosis
» actions
| Assign group hotkey | 785 | |
| Basic commands | 91 | |
| Build / train | 63 | |
| ESC pressed | 2 | |
| Enter build submenu | 20 | |
| Enter hero's abilities submenu | 6 | |
| Give item / drop item | 5 | |
| Right click | 1079 | |
| Select / deselect | 391 | |
| Select group hotkey | 390 | |
| Use ability | 130 | |
2963 total
» units
| Wisp | 14 | |
| Archer | 8 | |
| Goblin Shredder | 1 | |
| Druid of the Claw | 10 | |
| Dryad | 5 | |
| Goblin Zeppelin | 1 | |
39 total
» upgrades
| Druid of the Claw Training | 2 | |
| Abolish Magic | 1 | |
| Strength of the Wild | 1 | |
| Reinforced Hides | 1 | |
5 total
» buildings
| Altar of Elders | 2 | |
| Moon Well | 5 | |
| Ancient of War | 4 | |
| Hunter's Hall | 1 | |
| Ancient Protector | 2 | |
| Tree of Ages | 2 | |
| Tree of Eternity | 1 | |
| Ancient of Lore | 2 | |
| Ancient of Wonders | 1 | |
| Tree of Life | 1 | |
21 total
» build order
00:02 Altar of Elders
00:06 Altar of Elders
00:19 Moon Well
01:11 Ancient of War
01:21 Moon Well
02:05 Hunter's Hall
02:35 Moon Well
02:38 Ancient of War
03:11 Moon Well
03:58 Ancient Protector
04:40 Ancient of War
05:39 Ancient Protector
06:08 Tree of Ages
06:08 Tree of Ages
08:32 Tree of Eternity
08:38 Ancient of Lore
08:40 Ancient of Lore
09:17 Ancient of Wonders
12:27 Moon Well
13:47 Ancient of War
17:15 Tree of Life
» items
| Boots of Speed | 1 | |
| Potion of Lesser Invulnerability | 1 | |
| Orb of Venom | 1 | |
| Staff of Preservation | 1 | |
| Lesser Clarity Potion | 1 | |
| Potion of Healing | 2 | |
| Scroll of Town Portal | 1 | |
8 total
observersBEAR_AND,
WWGT]Huginn Chat log
(00:07 / All) WWGT]ShakaZahn: gl fh
(00:08 / All) WWGT]ShakaZahn: hf
(00:09 / All) WWGT]Dagda: glhf
(12:09 / Observers) BEAR_AND: two statues
(12:11 / Observers) WWGT]Huginn: guardians of the bridge
(15:55 / Observers) BEAR_AND: 6 bears vs 4 yad
(15:59 / Observers) BEAR_AND: gonna be mean
(18:53 / Observers) WWGT]Huginn: a tad late
(19:08 / Observers) BEAR_AND: can't tell if he knows
(19:18 / Observers) BEAR_AND: hahahah lol
(23:49 / All) WWGT]Dagda: oh man no mana
(23:50 / All) WWGT]Dagda: gg
(23:52 / All) WWGT]ShakaZahn: gg
(23:53 / Observers) BEAR_AND: close